 Dungeon Crawl Stone Soup version 0.30.1-3-gfc49f6343a (webtiles) character file.

Game seed: 17868658233502542004

270 CaptainMV the Caller (level 6, -2/41 HPs)
             Began as a Demonspawn Wanderer on July 26, 2023.
             Was an Initiate of Gozag.
             Slain by an ogre
             ... wielding a +0 giant club
              (20 damage)
             ... on level 4 of the Dungeon.
             The game lasted 00:23:14 (2370 turns).

CaptainMV the Caller (Demonspawn Wanderer)          Turns: 2370, Time: 00:23:21

Health: -2/41      AC:  7    Str: 10    XL:     6   Next: 1%
Magic:  5/9        EV: 11    Int: 15    God:    Gozag
Gold:   281        SH:  0    Dex: 17    Spells: 6/10 levels left

rFire   . . .        a - +1 dagger (protect)
rCold   . . .        (no shield)
rNeg    . . .        d - +0 robe
rPois   .            (helmet restricted)
rElec   .            f - +0 cloak
rCorr   .            j - +0 pair of gloves
SInv    .            e - +2 pair of boots
Will    .....        (no amulet)
Stlth   +++          (no ring)
HPRegen 0.26/turn    (no ring)
MPRegen 0.11/turn

%: no passive effects
@: no status effects
A: antennae 1, thin skeletal structure 1, foul stench 1, demonic magic 1
a: Renounce Religion, Potion Petition, Call Merchant, Bribe Branch


You were on level 4 of the Dungeon.
You worshipped Gozag.
Gozag was aware of your devotion.
You visited 1 branch of the dungeon, and saw 4 of its levels.

You collected 350 gold pieces.
You paid 69 gold pieces to Gozag.

Inventory:

Hand Weapons
 a - a +1 dagger of protection (weapon)
 g - a +0 dagger
Missiles
 b - 11 poisoned darts (quivered)
 h - 2 atropa-tipped darts
Armour
 d - a +0 robe (worn)
 e - a +2 pair of boots (worn)
 f - a +0 cloak (worn)
 j - a +0 pair of gloves (worn)
Jewellery
 o - a ring of flight
Scrolls
 m - a scroll of identify
 n - a scroll of blinking
Potions
 c - 3 potions of curing
 i - 4 potions of haste
 k - a potion of brilliance
 l - a potion of cancellation {unknown}


   Skills:
 + Level 0.1 Fighting
 + Level 1.1 Short Blades
 + Level 2.0 Throwing
 + Level 0.1 Dodging
 + Level 2.5 Stealth
 + Level 2.5 Spellcasting
 + Level 4.5 Summonings
 + Level 1.5 Transmutations
 + Level 0.2 Fire Magic
 + Level 3.8 Poison Magic


You had 6 spell levels left.
You knew the following spells:

 Your Spells              Type           Power      Damage    Failure   Level
a - Sting                 Tmut/Pois      40%        1d5       7%          1
b - Ignite Poison         Fire/Tmut/Pois 7%         N/A       28%         3

Your spell library contained the following spells:

 Spells                   Type           Power      Damage    Failure   Level
 Summon Small Mammal      Summ           60%        N/A       3%          1
 Call Canine Familiar     Summ           15%        N/A       10%         3
 Cigotuvi's Dreadful Rot  Necr/Pois/Air  10%        N/A       19%         2
 Spider Form              Tmut/Pois      10%        N/A       21%         3
 Sticky Flame             Conj/Fire      2%         2d3       89%         4
 Dispel Undead            Necr           1%         3d6       91%         4
 Death Channel            Necr           0%         N/A       100%        6
 Ignition                 Fire           1%         3d3       100%        8


Dungeon Overview and Level Annotations

Branches:
Dungeon (4/15)
 Temple: D:4-7

Altars:
Gozag
Xom


Innate Abilities, Weirdness & Mutations

You have a pair of small antennae on your head.
You have a somewhat thin skeletal structure. (Dex +2, Stealth+)
You may rarely emit foul miasma when damaged in melee.
Spells you cast may paralyse adjacent enemies.


Message History

You now have 274 gold pieces (gained 6).
You now have 281 gold pieces (gained 7).
You open the door.
There is an open door here.
Found a quarterstaff.
Found a scroll labelled YVA QUSAISUX.
You see here a +0 quarterstaff.
p - a scroll labelled YVA QUSAISUX
As you read the scroll labelled YVA QUSAISUX, it crumbles to dust.
It is a scroll of amnesia.
Really abort (and waste the scroll)? [Y]es or [N]o only, please.
Really abort (and waste the scroll)?
Okay, then.
An ogre comes into view. It is wielding a +0 giant club.
Found a stone staircase leading up.
Found a stone staircase leading up.
The ogre shouts!
The ogre hits you with a +0 giant club!!
Ouch! That really hurt!
* * * LOW HITPOINT WARNING * * *
You feel better.
Casting: Ignite Poison (quite dangerous; 28% risk of failure)
Confirm with . or Enter, or press ? or * to list all spells.
Aiming: Sting (safe; 7% risk of failure)
Press: ? - help, Shift-Dir - straight line, f - ogre
Aim: an ogre, wielding a +0 giant club (86% to hit)
The sting hits the ogre but does no damage.
The ogre is poisoned.
Malevolent energies surge around you. The ogre hits you but does no damage.
Casting: Sting (safe; 7% risk of failure)
Confirm with . or Enter, or press ? or * to list all spells.
The spell is quite dangerous to miscast (28% risk of failure)!
Continue anyway?
You ignite the poison in your surroundings!
The ogre seems to burn from within!
The ogre is severely wounded.
Malevolent energies surge around you.
The ogre hits you with a +0 giant club!!
You die...
Your body crumbles into a pile of gold.

#....#....#.......#
#...##...######...#
#...#....#
######'###
#.......#
#........#
#.....8.#
#........#
#.......##
#........#
#...#....#
##.......#
#...##...##
#.......#
#+####.@..#
#....####
##O<.###....##.###
#...##[.........#
######..........#
#..........#
##...###..##
##...####+#
#....'....#
#....#....#


You could see an ogre.

Vanquished Creatures
  An ogre (D:3)
  A howler monkey (D:3)
  A jelly (D:4)
  5 adders
  A worm (D:2)
  2 dart slugs (D:2)
  4 orcs
  5 ball pythons
  3 bats
  4 endoplasms
  2 giant cockroaches
  10 goblins
  A hobgoblin (D:1)
  2 jackals (D:4)
  A quokka (D:1)
  3 frilled lizards
  5 kobolds
  2 rats
  A butterfly (D:4)
54 creatures vanquished.

Vanquished Creatures (collateral kills)
  An adder (D:4)
1 creature vanquished.

Grand Total: 55 creatures vanquished

Notes
Turn   | Place    | Note
-------+----------+-------------------------------------------
     0 | D:1      | CaptainMV the Demonspawn Wanderer began the quest for the
                  | Orb.
     0 | D:1      | CaptainMV set off with the following items: a +0 dagger, 8
                  | poisoned darts, a potion of curing, a +0 robe; and the
                  | following spells available to memorise: Summon Small
                  | Mammal, Sting, Call Canine Familiar, Spider Form, Ignite
                  | Poison.
     0 | D:1      | Reached XP level 1. HP: 13/13 MP: 2/2
     2 | D:1      | Learned a level 1 spell: Sting
   178 | D:1      | Found a faded altar of an unknown god.
   186 | D:1      | Gained mutation: You may rarely emit foul miasma when
                  | damaged in melee. [demonic ancestry]
   186 | D:1      | Reached XP level 2. HP: 19/19 MP: 1/3
   657 | D:2      | Gained mutation: Spells you cast may paralyse adjacent
                  | enemies. [demonic ancestry]
   657 | D:2      | Reached XP level 3. HP: 23/24 MP: 2/4
   682 | D:2      | Learned a level 3 spell: Ignite Poison
  1345 | D:3      | Reached skill level 1 in Short Blades
  1345 | D:3      | Reached skill level 1 in Stealth
  1345 | D:3      | Gained mutation: You have a somewhat thin skeletal
                  | structure. (Dex +2, Stealth+) [demonic ancestry]
  1345 | D:3      | Reached XP level 4. HP: 14/30 MP: 0/6
  1388 | D:3      | Identified a scroll of acquirement
  1388 | D:3      | Acquired an Everburning Encyclopedia
  1405 | D:3      | Found a shimmering altar of Xom.
  1453 | D:3      | Noticed an ogre
  1461 | D:3      | Killed an ogre
  1462 | D:3      | Reached skill level 1 in Transmutations
  1462 | D:3      | Gained mutation: You have a pair of small antennae on your
                  | head. [demonic ancestry]
  1462 | D:3      | Reached XP level 5. HP: 18/35 MP: 4/8
  1588 | D:3      | Found an opulent altar of Gozag.
  1604 | D:3      | Became a worshipper of Gozag Ym Sagoz the Greedy
  2321 | D:4      | Identified the +3 leather armour of Weirdness {Regen+ rCorr
                  | Int-2 SInv}
  2329 | D:4      | Reached XP level 6. HP: 37/41 MP: 9/9
  2370 | D:4      | Slain by an ogre

Illustrated notes

Levels and vault maps discovered:
D:1:      lightli_arrival_farm, layout_basic,
          hellmonk_ecumenical_altar_pennies_from_heaven, moated_statue,
          minmay_tromino_v4_b
D:2:      wander_river, layout_basic
D:3:      layout_basic, grunt_gozag_breadcrumbs, mainiacjoe_overflow_paths,
          hex_medium
D:4:      layout_gridville, overflow_temple_1_default, grunt_ministairs_12,
          minmay_misc_feat_diagonals, serial_park_tiny_1,
          hangedman_glass_garden, minivault_1, uniq_sigmund

Skill      XL: |  1  2  3  4 |
---------------+-------------+-----
Throwing       | 2 |  2.0
Short Blades   | 1 |  1.1
Stealth        | 1 2 |  2.5
Spellcasting   | 2 |  2.5
Transmutations | 1 |  1.5
Fighting       | |  0.1
Dodging        | |  0.1
Summonings     | |  4.5
Fire Magic     | |  0.2
Poison Magic   | |  3.8

Action                     |  1- 3 |  4- 6 || total
---------------------------+-------+-------++-------
  Melee: Dagger            |   110 |    15 ||   125
         Punch             |     2 |       ||     2
   Cast: Sting             |    34 |    15 ||    49
         Ignite Poison     |     2 |     8 ||    10
    Use: Scroll            |       |     9 ||     9
         Potion            |       |     1 ||     1
   Stab: Paralysed         |     7 |     3 ||    10
         Sleeping          |     1 |     6 ||     7
 Armour: Robe              |    32 |     6 ||    38
  Dodge: Dodged            |    54 |     6 ||    60
